 Dungeon Crawl Stone Soup version 0.24-a0-530-g18ba70b503 (webtiles) character file.

Game seed: 16658359010223387282

62 BinkBink the Skirmisher (level 3, -6/30 HPs)
             Began as a Demonspawn Berserker on Aug 7, 2019.
             Was a Believer of Trog.
             Mangled by a gnoll
             ... wielding a +1 spear of venom
              (10 damage)
             ... on level 2 of the Dungeon.
             The game lasted 00:01:53 (2373 turns).

BinkBink the Skirmisher (Demonspawn Berserker)      Turns: 2373, Time: 00:01:54

Health: -6/30      AC:  2    Str: 17    XL:     3   Next: 85%
Magic:  3/3        EV: 12    Int:  8    God:    Trog [**....]
Gold:   90         SH:  0    Dex: 13    Spells: 2/2 levels left

rFire    . . .     SeeInvis .   l - +0 long sword
rCold    . . .     Gourm    .   (no shield)
rNeg     . . .     Faith    .   b - +0 animal skin
rPois    .         Spirit   .   (helmet restricted)
rElec    .         Reflect  .   (no cloak)
rCorr    .         Harm     .   (no gloves)
MR       .....                  (no boots)
Stlth    +.........             (no amulet)
HPRegen  0.10/turn              (no ring)
MPRegen  0.08/turn              (no ring)

@: lethally poisoned (-6 -> -10)
A: claws 1, horns 1
a: Berserk, Trog's Hand, Renounce Religion


You were on level 2 of the Dungeon.
You worshipped Trog.
Trog was pleased with you.
You were near starving.

You visited 1 branch of the dungeon, and saw 2 of its levels.

You collected 90 gold pieces.

Inventory:

Hand Weapons
 a - a +0 hand axe
 l - a +0 long sword (weapon)
Armour
 b - a +0 animal skin (worn)
Scrolls
 d - a scroll of immolation {unknown}
 g - 3 scrolls of enchant armour {unknown}
 h - a scroll of identify {unknown}
 i - 2 scrolls of teleportation {unknown}
 k - 2 scrolls of noise {unknown}
 m - a scroll of magic mapping {unknown}
Potions
 e - a potion of mutation {unknown}
 f - 2 potions of flight {unknown}
 j - a potion of curing {unknown}
 n - a potion of magic {unknown}
Comestibles
 c - 5 rations


   Skills:
 + Level 3.7 Fighting
 + Level 0.7 Long Blades
 + Level 3.3 Axes
 + Level 1.7 Armour
 + Level 2.1 Dodging
 + Level 0.6 Stealth


You had 2 spell levels left.
You didn't know any spells.
Your spell library was empty.

Dungeon Overview and Level Annotations

Branches:
Dungeon (2/15)

Altars:


Innate Abilities, Weirdness & Mutations

You have sharp fingernails.
You have a pair of small horns on your head.


Message History

You kill the gnoll!
Trog accepts your kill.
You are near starving!
You feel sick. The gnoll closely misses you. The gnoll hits you with a +0 whip.
You are too injured to fight recklessly!
You are too injured to fight recklessly!
You are too injured to fight recklessly!
You are too injured to fight recklessly!
You hit the gnoll.
The gnoll is lightly wounded.
The gnoll hits you from afar with a +1 spear of venom.
* * * LOW HITPOINT WARNING * * *
The gnoll hits you with a +0 whip.
* * * LOW HITPOINT WARNING * * *
You slash the gnoll!
The gnoll is severely wounded.
* * * LOW HITPOINT WARNING * * *
You feel sick.
The gnoll hits you from afar with a +1 spear of venom!
You die...

####### #### #.....#
#.. #.....## #.#
#......######.####
#.............@gg#
###.....#######)##.#
.........# #.# #
#####...## #.. #
##.## #### .# #.# .#
#)# # #+# .#


You could see 2 gnolls.

Vanquished Creatures
  2 gnolls (D:2)
  2 worms (D:2)
  A dart slug (D:2)
  A leopard gecko (D:1)
  2 giant cockroaches (D:1)
  4 goblins
  A hobgoblin (D:2)
  7 jackals (D:1)
  6 kobolds
  3 bats
  3 frilled lizards
  2 rats
34 creatures vanquished.

Notes
Turn   | Place    | Note
-------+----------+-------------------------------------------
     0 | D:1      | BinkBink the Demonspawn Berserker began the quest for the
                  | Orb.
     0 | D:1      | Reached XP level 1. HP: 18/18 MP: 1/1
   133 | D:1      | Gained mutation: You have a pair of small horns on your
                  | head. [demonic ancestry]
   133 | D:1      | Reached XP level 2. HP: 13/24 MP: 2/2
  1156 | D:1      | Reached ** piety under Trog
  1676 | D:2      | Gained mutation: You have sharp fingernails. [demonic
                  | ancestry]
  1676 | D:2      | Reached XP level 3. HP: 23/29 MP: 3/3
  2373 | D:2      | Mangled by a gnoll

Levels and vault maps discovered:
D:1:      lightli_arrival_flooded_house, layout_basic, minmay_hexomino_u4
D:2:      layout_loops_corners, zin_statuary, minmay_quantized

Skill      XL: |  1  2 |
---------------+-------+-----
Axes           | 3 |  3.3
Dodging        | 2 |  2.1
Fighting       | |  3.7
Long Blades    | |  0.7
Armour         | |  1.7
Stealth        | |  0.6

Action                   || total
-------------------------++-------
Melee: Hand axe          ||    64
       Headbutt          ||    14
       Long sword        ||    32
 Stab: Sleeping          ||     1
  Eat: Chunk             ||     3
Armor: Animal skin       ||    12
Dodge: Dodged            ||    72
       Rpst.: Long sword ||     3

Table legend:
 A = Non-vault XP
 B = Vault XP
 C = Vault XP percentage of total XP
 D = Non-vault monster count
 E = Vault monster count
 F = Vault count percentage of total count
                 A         B        C        D         E       F
            +---------+---------+-------+---------+---------+-------
      Total |      79 |      10 |  11.2 |      28 |       6 |  17.6
            +---------+---------+-------+---------+---------+-------
        D:1 |      29 |      10 |  25.6 |      17 |       6 |  26.1
        D:2 |      50 |       0 |   0.0 |      11 |       0 |   0.0
            +---------+---------+-------+---------+---------+-------
